 Dungeon Crawl Stone Soup version 0.23.2-1-ga50397a6bc (webtiles) character file.

Game seed: 17169387503192123517

74 Foic the Cudgeler (level 4, -10/44 HPs)
             Began as a Troll Berserker on May 11, 2019.
             Was a Believer of Trog.
             Mangled by Crazy Yiuf
             ... wielding a +2 quarterstaff of chaos
              (15 damage)
             ... on level 2 of the Dungeon.
             The game lasted 00:07:19 (1146 turns).

Foic the Cudgeler (Troll Berserker)                 Turns: 1146, Time: 00:07:19

Health: -10/44     AC:  6    Str: 26    XL:     4   Next: 10%
Magic:  2/3        EV: 10    Int:  3    God:    Trog [**....]
Gold:   39         SH:  0    Dex:  9    Spells: 3/3 levels left

rFire    . . .     SeeInvis .   a - +0 mace
rCold    . . .     Gourm    +   (no shield)
rNeg     . . .     Faith    .   b - +0 animal skin
rPois    .         Spirit   .   (helmet restricted)
rElec    .         Reflect  .   (no cloak)
rCorr    .         Harm     .   (gloves unavailable)
MR       .....                  (boots unavailable)
Stlth    ++........             (no amulet)
HPRegen  0.54/turn              d - ring of stealth
MPRegen  0.08/turn              (no ring)

@: slowed, very slow
A: large, unfitting armour, claws 3, fast metabolism 3, gourmand, regeneration
1, shaggy fur 1, tough skin 3
a: Berserk, Trog's Hand, Renounce Religion


You were on level 2 of the Dungeon.
You worshipped Trog.
Trog was pleased with you.
You were completely stuffed.

You visited 1 branch of the dungeon, and saw 2 of its levels.

You collected 39 gold pieces.

Inventory:

Hand Weapons
 a - a +0 mace (weapon)
 l - a +2 mace of draining
Missiles
 g - 22 stones (quivered)
Armour
 b - a +0 animal skin (worn)
Jewellery
 d - a ring of stealth (left claw)
 i - an uncursed amulet of harm
Wands
 e - a wand of random effects (26)
Potions
 h - a potion of curing
 j - a potion of mutation {unknown}
 k - a potion of ambrosia {unknown}
Comestibles
 c - 4 rations
 f - 2 chunks of flesh


   Skills:
 + Level 2.9 Fighting
 + Level 3.6 Maces & Flails
 + Level 3.0 Dodging


You had 3 spell levels left.
You didn't know any spells.
Your spell library was empty.

Dungeon Overview and Level Annotations

Branches:
Dungeon (2/15)

Altars:

Annotations:
D:2 Crazy Yiuf


Innate Abilities, Weirdness & Mutations

You are too large for most types of armour.
You have claws for hands.
Your metabolism is lightning-fast.
You like to eat raw meat.
Your natural rate of healing is unusually fast.
You are covered in fur. (AC +1)
You have extremely tough skin. (AC +3)


Message History

Crazy Yiuf hits you with a +2 quarterstaff of chaos!
Crazy Yiuf draws strength from your wounds!
You completely miss Crazy Yiuf.
Crazy Yiuf is moderately wounded.
Crazy Yiuf cries, "Island fast sing!"
Crazy Yiuf hits you with a +2 quarterstaff of chaos!
* * * LOW HITPOINT WARNING * * *
You feel yourself slow down.
You barely miss Crazy Yiuf.
Crazy Yiuf is moderately wounded.
Crazy Yiuf hits you with a +2 quarterstaff of chaos.
* * * LOW HITPOINT WARNING * * *
You feel your power leaking away. Crazy Yiuf hits you but does no damage.
You see here a mace.
Crazy Yiuf says, "Gnoll!
Fluff snail tea."
Crazy Yiuf hits you with a +2 quarterstaff of chaos.
* * * LOW HITPOINT WARNING * * *
You are electrocuted!
You die...

#.####### #.......#
#######.# #.# ##.# ###
#..# ...# #.###♣♣♣♣♣
##.# #.#...)♣.♣♣♣ ###
#.#####......)♣@g♣#..)#
#.##.........♣♣♣♣.'...#
#.##.##.....♣♣ ♣♣#.))#
##.#......##♣♣ ###
...)......# ##.#......#
#.##.##..#####
#.##.....#.#.#
#.##..####.#.##


You could see Crazy Yiuf.

Vanquished Creatures
  3 adders (D:2)
  A worm (D:2)
  3 leopard geckos
  5 bats
  A giant cockroach (D:1)
  5 goblins
  4 hobgoblins
  7 jackals
  A ball python (D:2)
  A frilled lizard (D:1)
  3 kobolds
  A leopard gecko skeleton (D:2)
  5 rats
40 creatures vanquished.

Notes
Turn   | Place    | Note
-------+----------+-------------------------------------------
     0 | D:1      | Foic the Troll Berserker began the quest for the Orb.
     0 | D:1      | Reached XP level 1. HP: 22/22 MP: 0/0
   154 | D:1      | Reached XP level 2. HP: 29/29 MP: 1/1
   711 | D:2      | Reached XP level 3. HP: 36/36 MP: 2/2
   757 | D:2      | Reached ** piety under Trog
   878 | D:2      | Reached XP level 4. HP: 44/44 MP: 3/3
  1132 | D:2      | Found a runed translucent door.
  1134 | D:2      | Noticed Crazy Yiuf
  1146 | D:2      | Mangled by Crazy Yiuf

Skill      XL: |  1  2  3 |
---------------+----------+-----
Maces & Flails | 3 |  3.6
Dodging        | 3 |  3.0
Fighting       | |  2.9

Action                   |  1- 3 |  4- 6 || total
-------------------------+-------+-------++-------
Melee: Mace              |    96 |    23 ||   119
  Use: Scroll            |     2 |     1 ||     3
       Potion            |     2 |       ||     2
 Stab: Sleeping          |     6 |       ||     6
  Eat: Chunk             |    14 |     2 ||    16
Armor: Animal skin       |    48 |     9 ||    57
Dodge: Dodged            |    71 |     6 ||    77
